cohdb
Replays
Latest Replays
All Replays
Popular Replays
Top Player Replays
Match Explorer
How It Works
Community
CoH3 Stats
Reddit
Sign in to upload your games and track your stats! →
Sign in with Steam
Match 38622540
Unlisted
Match 38622540
Overview
Messages
Build Orders
End
Construct Section Command Post
Infantry Section
Infantry Section
Infantry Section
Grenade Package
Selects Indian Artillery Battlegroup
Construct Field Infirmary
Construct Platoon Command Post
Selects War Cry
Selects Gurkha Rifles Section
Selects Valour
Unlock M3 Stuart Light Tanks
M3 Stuart Light Tank
Selects Gurkha Rifles Section
Gurkha Rifles Section
Gurkha Rifles Section
Infantry Training
Construct Company Command Post
Selects Volunteer Infantry
Unlock M3 Grant Medium Tanks
M3 Grant Medium Tank
M3 Grant Medium Tank
Fleur de lis
[LTD] Charette
LEV-Detahaven
Tenshi
0
0
Comments
sign in to comment!
No comments posted yet!